 Dungeon Crawl Stone Soup version 0.25.1-9-gc5326a611f (webtiles) character file.

Game seed: 9352542935370547542

24 funkygono the Grave Robber (level 3, -2/26 HPs)
             Began as a Ghoul Necromancer on Dec 29, 2020.
             Slain by Sigmund
             ... wielding a +0 scythe
              (5 damage)
             ... on level 2 of the Dungeon.
             The game lasted 00:02:02 (1228 turns).

funkygono the Grave Robber (Ghoul Necromancer)      Turns: 1228, Time: 00:02:03

Health: -2/26      AC:  4    Str: 11    XL:     3   Next: 2%
Magic:  0/5        EV: 12    Int: 11    God:
Gold:   43         SH:  0    Dex:  9    Spells: 4/6 levels left

rFire    . . .     SeeInvis .   (no weapon)
rCold    + . .     Gourm    .   (no shield)
rNeg     + + +     Faith    .   a - +1 robe
rPois    ∞         Spirit   +   (no helmet)
rElec    .         Reflect  .   (no cloak)
rCorr    .         Harm     .   d - +0 pair of gloves
MR       .....                  (no boots)
Stlth    ++........             h - amulet of guardian spirit
HPRegen  0.00/turn              (no ring)
MPRegen  0.09/turn              (no ring)

@: rotting
A: rotting body, claws 1, carnivore, cold resistance 1, negative energy
resistance 3, inhibited regeneration, torment resistance, unbreathing
a: no special abilities


You were on level 2 of the Dungeon.
You were not hungry.

You visited 1 branch of the dungeon, and saw 2 of its levels.

You collected 43 gold pieces.

Inventory:

Missiles
 b - 2 stones (quivered)
Armour
 a - a +1 robe (worn)
 d - a +0 pair of gloves (worn)
Jewellery
 h - an amulet of guardian spirit (around neck)
Potions
 e - a potion of lignification
 f - a potion of curing
 g - a potion of cancellation {unknown}
Comestibles
 c - 2 rations


   Skills:
 + Level 1.8 Dodging
 + Level 2.5 Stealth
 + Level 0.2 Unarmed Combat
 + Level 2.1 Spellcasting
 + Level 4.5 Necromancy


You had 4 spell levels left.
You knew the following spells:

 Your Spells              Type           Power        Failure   Level  Hunger
a - Pain                  Necr           ##..         4%          1    ##.....
b - Animate Skeleton      Necr           N/A          4%          1    ##.....

Your spell library contained the following spells:

 Spells                   Type           Power        Failure   Level  Hunger
 Vampiric Draining        Necr           ##........   14%         3    ####...
 Animate Dead             Necr           N/A          41%         4    #####..
 Agony                    Necr           ##......     77%         5    ######.


Dungeon Overview and Level Annotations

Branches:
Dungeon (2/15)

Altars:

Annotations:
D:2 Sigmund


Innate Abilities, Weirdness & Mutations

Your body is rotting away.
You thrive on raw meat.
You are immune to poison.
You have sharp fingernails.
You are carnivorous and can eat meat at any time.
Your flesh is cold resistant. (rC+)
You are immune to negative energy. (rN+++)
You do not regenerate when monsters are visible.
You are immune to unholy pain and torment.
You can survive without breathing.


Message History

Sigmund is heavily wounded.
Sigmund barely misses you.
You hit Sigmund but do no damage.
Sigmund is heavily wounded.
You hit Sigmund.
Sigmund is heavily wounded.
Sigmund closely misses you.
Casting: Pain (safe; 4% risk of failure)
Confirm with . or Enter, or press ? or * to list all spells.
Aiming: Pain (safe; 4% risk of failure)
Press: ? - help, Shift-Dir - straight line, f/p - Sigmund
Aim: Sigmund, wielding a +0 scythe and wearing a +1 robe of the Archmagi (heavily wounded, chance to defeat MR: 73%) Sigmund writhes in agony.
Sigmund hits you with a +0 scythe.
* * * LOW HITPOINT WARNING * * *
You hit Sigmund but do no damage.
Sigmund is severely wounded.
You barely miss Sigmund.
Sigmund is severely wounded.
Sigmund hits you with a +0 scythe.
You die...

#.. ######..# #?...
##.......# #....
.........# ## ....
#.......####. ...
####........<.
#.####....#.....###
#........###.##....
#####(.###.##
#..#.##. #...@@.#
#.# ##.#.# #
#.####.# #.#
#.#.#.. #.###.#
#...... #.##..#
##.#... #.##.##
#.##.. #.##.#####
#..#.. #..#.....#
##.#.>
#.#.....####.#..
#.............


You could see Sigmund.

Vanquished Creatures
  A gnoll (D:1)
  A dart slug (D:1)
  A goblin (D:1)
  2 jackals (D:1)
  4 bats
  3 kobolds (D:1)
  A rat (D:1)
13 creatures vanquished.

Notes
Turn   | Place    | Note
-------+----------+-------------------------------------------
     0 | D:1      | funkygono the Ghoul Necromancer began the quest for the
                  | Orb.
     0 | D:1      | Reached XP level 1. HP: 14/14 MP: 2/2
   248 | D:1      | Reached XP level 2. HP: 20/20 MP: 0/3
   254 | D:1      | Learned a level 1 spell: Animate Skeleton
   924 | D:1      | Reached XP level 3. HP: 21/26 MP: 0/5
  1213 | D:2      | Noticed Sigmund
  1228 | D:2      | Slain by Sigmund

Illustrated notes

Levels and vault maps discovered:
D:1:      heliophobic_arrival_glass_houses, layout_basic
D:2:      layout_rooms, serial_corexii_hall, corexii_hall_statues_s,
          corexii_hall_statues_i, uniq_sigmund

Skill      XL: |  1  2 |
---------------+-------+-----
Spellcasting   | 2 |  2.1
Dodging        | |  1.8
Stealth        | |  2.5
Unarmed Combat | |  0.2
Necromancy     | |  4.5

Action                   || total
-------------------------++-------
Melee: Unarmed           ||    36
 Cast: Pain              ||    24
       Animate Skeleton  ||     4
  Use: Scroll            ||     4
  Eat: Chunk             ||     3
Armor: Robe              ||    13
Dodge: Dodged            ||    31
